BSA
VISTA PANTHERS @ NIAGARA FALLS FRENZY
06/04/2024
 
TOP OF THE 1ST
Vista Panthers batting - Pitching for Niagara Falls Frenzy : RHP Étienne Garcia
Pitching: RHP Étienne Garcia
Batting: LHB Harry Pitts 0-0: Called Strike
0-1: Called Strike
0-2: Ball
1-2: SINGLE (Flyball, 8RS)
Batting: SHB Juan Gómez 0-0: Called Strike
0-1: Ball
1-1: Called Strike
1-2: Foul Ball, location: 2F
1-2: Strikes out swinging
Batting: RHB Roberto Cruz 0-0: Ball
Wild Pitch!
Harry Pitts to second
1-0: Foul Ball, location: 2F
1-1: Foul Ball, location: 2F
1-2: Ground out 1-3 (Groundball, 13)
Harry Pitts to third
Batting: LHB Patrick Osborne 0-0: Ball
1-0: Ball
2-0: Called Strike
2-1: Fly out, F8 (Flyball, 8LM)
Top of the 1st over - 0 run(s), 1 hit(s), 0 error(s), 1 left on base; Vista 0 - Niagara Falls 0
BOTTOM OF THE 1ST
Niagara Falls Frenzy batting - Pitching for Vista Panthers : RHP Mario Chávez
Pitching: RHP Mario Chávez
Batting: LHB Seung-woo Yi 0-0: Foul Ball, location: 2F
0-1: Foul Ball, location: 2F
0-2: Ball
1-2: Foul Ball, location: 2F
1-2: SINGLE (Groundball, 5D)
Batting: LHB Clyde Yarbrough 0-0: Ball
1-0: Foul Ball, location: 2F
1-1: Called Strike
1-2: Foul Ball, location: 2F
1-2: Foul Ball, location: 2F
1-2: SINGLE (Line Drive, 4MD)
Seung-woo Yi to second
Batting: LHB Dante Owens 0-0: Ball
1-0: Called Strike
1-1: SINGLE (Groundball, 4M)
Seung-woo Yi to third
Clyde Yarbrough to second
Runner from 3rd tries for Home, SAFE, no throw or cutoff
Batting: SHB Ray Burgess 0-0: Foul Ball, location: 2F
0-1: Foul Ball, location: 2F
0-2: Ball
1-2: Foul Ball, location: 2F
1-2: SINGLE (Flyball, 8LS)
Clyde Yarbrough to third
Dante Owens to second
Runner from 3rd tries for Home, SAFE, throw made home
Batting: RHB Lawrence Schroeder 0-0: Called Strike
0-1: Ball
1-1: Called Strike
1-2: SINGLE (Line Drive, 7S)
Dante Owens to third
Ray Burgess to second
Batting: SHB Shumei Yokoyama 0-0: Ball
1-0: Ball
2-0: Ball
3-0: Base on Balls
Dante Owens scores
Ray Burgess to third
Lawrence Schroeder to second
Batting: RHB Ángel Hinojosa 0-0: Ball
1-0: Fly out, F8 (Flyball, 8RXD)
Runner from 3rd tags up, SCORES, no throw
Lawrence Schroeder to third
Batting: RHB Cordell Gibson 0-0: Ball
1-0: Grounds into double play, 6-4-3 (Groundball, 56)
Bottom of the 1st over - 4 run(s), 5 hit(s), 0 error(s), 1 left on base; Vista 0 - Niagara Falls 4
TOP OF THE 2ND
Vista Panthers batting - Pitching for Niagara Falls Frenzy : RHP Étienne Garcia
Batting: LHB Pablo Rivas 0-0: Ball
1-0: Called Strike
1-1: Ball
2-1: Foul Ball, location: 2F
2-2: Strikes out swinging
Batting: LHB Jesús González 0-0: Ball
1-0: Ball
2-0: Swinging Strike
2-1: Ball
3-1: Called Strike
3-2: Base on Balls
Batting: RHB Wilson López 0-0: Grounds into double play, 4-6-3 (Groundball, 4)
Top of the 2nd over - 0 run(s), 0 hit(s), 0 error(s), 0 left on base; Vista 0 - Niagara Falls 4
BOTTOM OF THE 2ND
Niagara Falls Frenzy batting - Pitching for Vista Panthers : RHP Mario Chávez
Batting: RHB Juan Carlos Rodríguez 0-0: Called Strike
0-1: Swinging Strike
0-2: Ball
1-2: Ground out 1-3 (Groundball, 15S)
Batting: LHB Seung-woo Yi 0-0: Ball
1-0: Fly out, F5 (Popup, 15)
Batting: LHB Clyde Yarbrough 0-0: Ground out 4-3 (Groundball, 34)
Bottom of the 2nd over - 0 run(s), 0 hit(s), 0 error(s), 0 left on base; Vista 0 - Niagara Falls 4
TOP OF THE 3RD
Vista Panthers batting - Pitching for Niagara Falls Frenzy : RHP Étienne Garcia
Batting: RHB Javier Deleón 0-0: Fly out, F7 (Flyball, 7M)
Batting: RHB Salvador Salas 0-0: Ball
1-0: Swinging Strike
1-1: Foul Ball, location: 2F
1-2: SINGLE (Groundball, 34)
Batting: LHB Harry Pitts 0-0: Ball
1-0: Ball
2-0: Ball
3-0: Base on Balls
Salvador Salas to second
Batting: SHB Juan Gómez 0-0: Ball
1-0: Swinging Strike
1-1: Swinging Strike
1-2: Ball
2-2: Fly out, F8 (Flyball, 8LS)
Batting: RHB Roberto Cruz 0-0: Ball
1-0: SINGLE (Line Drive, 56)
Salvador Salas to third
Harry Pitts to second
Runner from 3rd tries for Home, SAFE, no throw or cutoff
Batting: LHB Patrick Osborne 0-0: Ball
1-0: Ball
2-0: Called Strike
2-1: Fly out, F9 (Flyball, 89XD)
Top of the 3rd over - 1 run(s), 2 hit(s), 0 error(s), 2 left on base; Vista 1 - Niagara Falls 4
BOTTOM OF THE 3RD
Niagara Falls Frenzy batting - Pitching for Vista Panthers : RHP Mario Chávez
Batting: LHB Dante Owens 0-0: Foul Ball, location: 2F
0-1: Foul Ball, location: 2F
0-2: Foul Ball, location: 2F
0-2: Ball
1-2: Foul Ball, location: 2F
1-2: Ball
2-2: Ground out 4-3 (Groundball, 4)
Batting: SHB Ray Burgess 0-0: Ground out 4-3 (Groundball, 4M)
Batting: RHB Lawrence Schroeder 0-0: SINGLE (Line Drive, 7S)
Batting: SHB Shumei Yokoyama 0-0: Ball
1-0: Called Strike
1-1: SINGLE (Line Drive, 7LS)
Lawrence Schroeder to second
Batting: RHB Ángel Hinojosa 0-0: 3-RUN HOME RUN (Line Drive, 78XD), Distance : 410 ft
Batting: RHB Cordell Gibson 0-0: Called Strike
0-1: Ball
1-1: Fly out, F9 (Flyball, 9S)
Bottom of the 3rd over - 3 run(s), 3 hit(s), 0 error(s), 0 left on base; Vista 1 - Niagara Falls 7
TOP OF THE 4TH
Vista Panthers batting - Pitching for Niagara Falls Frenzy : RHP Étienne Garcia
Batting: LHB Pablo Rivas 0-0: Ball
1-0: Ball
2-0: Foul Ball, location: 2F
2-1: SINGLE (Groundball, 5D)
Batting: LHB Jesús González 0-0: Ball
1-0: Grounds into double play, 4-6-3 (Groundball, 4)
Batting: RHB Wilson López 0-0: Ball
1-0: Ball
2-0: Ball
3-0: Called Strike
3-1: Swinging Strike
3-2: Strikes out swinging
Top of the 4th over - 0 run(s), 1 hit(s), 0 error(s), 0 left on base; Vista 1 - Niagara Falls 7
BOTTOM OF THE 4TH
Niagara Falls Frenzy batting - Pitching for Vista Panthers : RHP Mario Chávez
Batting: RHB Juan Carlos Rodríguez 0-0: Ball
1-0: SINGLE (Groundball, 4MD)
Batting: LHB Seung-woo Yi 0-0: Ball
1-0: Ground out 3-1 (Groundball, 34)
Juan Carlos Rodríguez to second
Batting: LHB Clyde Yarbrough 0-0: Foul Ball, location: 2F
0-1: Ball
1-1: Fly out, F7 (Flyball, 78S)
Pitching: LHP Jung-keun Yi
Batting: LHB Dante Owens 0-0: Foul Ball, location: 2F
0-1: Foul Ball, location: 2F
0-2: Ball
1-2: Foul Ball, location: 2F
1-2: Ground out 1-3 (Groundball, 13S)
Bottom of the 4th over - 0 run(s), 1 hit(s), 0 error(s), 1 left on base; Vista 1 - Niagara Falls 7
TOP OF THE 5TH
Vista Panthers batting - Pitching for Niagara Falls Frenzy : RHP Étienne Garcia
Batting: RHB Javier Deleón 0-0: Swinging Strike
0-1: Ball
1-1: Swinging Strike
1-2: Foul Ball, location: 2F
1-2: Strikes out swinging
Batting: RHB Salvador Salas 0-0: Ball
1-0: Ball
2-0: Ground out 1-3 (Groundball, 13S)
Batting: LHB Harry Pitts 0-0: Swinging Strike
0-1: Ball
1-1: Ball
2-1: Foul Ball, location: 2F
2-2: Foul Ball, location: 2F
2-2: Foul Ball, location: 2F
2-2: Foul Ball, location: 2F
2-2: Ball
3-2: Foul Ball, location: 2F
3-2: Strikes out looking
Top of the 5th over - 0 run(s), 0 hit(s), 0 error(s), 0 left on base; Vista 1 - Niagara Falls 7
BOTTOM OF THE 5TH
Niagara Falls Frenzy batting - Pitching for Vista Panthers : LHP Jung-keun Yi
Batting: SHB Ray Burgess 0-0: Ball
1-0: Ball
2-0: Called Strike
2-1: Foul Ball, location: 2F
2-2: Ball
3-2: Foul Ball, location: 2F
3-2: Base on Balls
Batting: RHB Lawrence Schroeder 0-0: Foul Ball, location: 2F
0-1: Foul Ball, location: 2F
0-2: Ball
1-2: Strikes out looking
Batting: SHB Shumei Yokoyama 0-0: Called Strike
0-1: Swinging Strike
0-2: Strikes out looking
Batting: RHB Ángel Hinojosa 0-0: Called Strike
0-1: Ball
1-1: Ball
2-1: Foul Ball, location: 2F
2-2: Ball
3-2: Strikes out swinging
Bottom of the 5th over - 0 run(s), 0 hit(s), 0 error(s), 1 left on base; Vista 1 - Niagara Falls 7
TOP OF THE 6TH
Vista Panthers batting - Pitching for Niagara Falls Frenzy : RHP Étienne Garcia
Batting: SHB Juan Gómez 0-0: Foul Ball, location: 2F
0-1: SINGLE (Groundball, 34D)
Batting: RHB Roberto Cruz 0-0: Ball
1-0: Called Strike
1-1: Foul Ball, location: 2F
1-2: Foul Ball, location: 2F
1-2: Foul Ball, location: 2F
1-2: Ball
2-2: Ball
3-2: Foul Ball, location: 2F
3-2: Fly out, F4 (Popup, 3DF)
Batting: LHB Patrick Osborne 0-0: Swinging Strike
0-1: Fly out, F6 (Line Drive, 6)
Batting: LHB Pablo Rivas 0-0: Called Strike
0-1: Ball
1-1: Called Strike
1-2: Strikes out swinging
Top of the 6th over - 0 run(s), 1 hit(s), 0 error(s), 1 left on base; Vista 1 - Niagara Falls 7
BOTTOM OF THE 6TH
Niagara Falls Frenzy batting - Pitching for Vista Panthers : LHP Jung-keun Yi
Batting: RHB Cordell Gibson 0-0: Foul Ball, location: 2F
0-1: Ball
1-1: Foul Ball, location: 2F
1-2: Ground out 4-3 (Groundball, 4)
Batting: RHB Juan Carlos Rodríguez 0-0: Fly out, F9 (Flyball, 89D)
Batting: LHB Seung-woo Yi 0-0: Ball
1-0: Ball
2-0: Called Strike
2-1: Foul Ball, location: 2F
2-2: Ball
3-2: Base on Balls
Batting: LHB Clyde Yarbrough 0-0: Called Strike
Seung-woo Yi steals 2nd base
0-1: Called Strike
0-2: Ground out 6-3 (Groundball, 6M)
Bottom of the 6th over - 0 run(s), 0 hit(s), 0 error(s), 1 left on base; Vista 1 - Niagara Falls 7
TOP OF THE 7TH
Vista Panthers batting - Pitching for Niagara Falls Frenzy : RHP Étienne Garcia
Pitching: RHP Ed Jones
Batting: LHB Jesús González 0-0: Ball
1-0: Called Strike
1-1: Foul Ball, location: 2F
1-2: Ball
2-2: Strikes out looking
Batting: RHB Wilson López 0-0: Called Strike
0-1: DOUBLE (Flyball, 7D)
Batting: RHB Javier Deleón 0-0: Swinging Strike
0-1: Ball
1-1: Ball
2-1: Ground out 5-3 (Groundball, 56)
Batting: RHB Salvador Salas 0-0: Foul Ball, location: 2F
0-1: Ball
1-1: Ball
2-1: Ground out 5-3 (Groundball, 5)
Top of the 7th over - 0 run(s), 1 hit(s), 0 error(s), 1 left on base; Vista 1 - Niagara Falls 7
BOTTOM OF THE 7TH
Niagara Falls Frenzy batting - Pitching for Vista Panthers : LHP Jung-keun Yi
Pitching: RHP José Betancourt
Batting: LHB Dante Owens 0-0: Ball
1-0: Swinging Strike
1-1: Foul Ball, location: 2F
1-2: Strikes out swinging
Batting: SHB Ray Burgess 0-0: Called Strike
0-1: Swinging Strike
0-2: DOUBLE (Flyball, 8LXD) - OUT at third base trying to stretch hit.
Batting: RHB Lawrence Schroeder 0-0: Ball
1-0: Fly out, F7 (Flyball, 78D)
Bottom of the 7th over - 0 run(s), 1 hit(s), 0 error(s), 0 left on base; Vista 1 - Niagara Falls 7
TOP OF THE 8TH
Vista Panthers batting - Pitching for Niagara Falls Frenzy : RHP Ed Jones
Batting: LHB Harry Pitts 0-0: Ball
1-0: Swinging Strike
1-1: Called Strike
1-2: Strikes out looking
Batting: SHB Juan Gómez 0-0: Called Strike
0-1: Foul Ball, location: 2F
0-2: Strikes out swinging
Batting: RHB Roberto Cruz 0-0: Foul Ball, location: 2F
0-1: Ball
1-1: Called Strike
1-2: Strikes out looking
Top of the 8th over - 0 run(s), 0 hit(s), 0 error(s), 0 left on base; Vista 1 - Niagara Falls 7
BOTTOM OF THE 8TH
Niagara Falls Frenzy batting - Pitching for Vista Panthers : RHP José Betancourt
Batting: SHB Shumei Yokoyama 0-0: Fly out, F8 (Flyball, 8RS)
Batting: RHB Ángel Hinojosa 0-0: Called Strike
0-1: Ball
1-1: Ball
2-1: Ball
3-1: Foul Ball, location: 2F
3-2: Base on Balls
Batting: RHB Cordell Gibson 0-0: Called Strike
0-1: Swinging Strike
0-2: Strikes out swinging
Batting: RHB Juan Carlos Rodríguez 0-0: Ball
1-0: Ball
2-0: Foul Ball, location: 2F
2-1: SINGLE (Flyball, 9LM)
Ángel Hinojosa to second
Runner from 2nd tries for 3rd, SAFE, throw made to third
Batting: LHB Seung-woo Yi 0-0: Swinging Strike
0-1: Swinging Strike
0-2: Ball
1-2: Ball
2-2: Foul Ball, location: 2F
2-2: Ball
3-2: Strikes out looking
Bottom of the 8th over - 0 run(s), 1 hit(s), 0 error(s), 2 left on base; Vista 1 - Niagara Falls 7
TOP OF THE 9TH
Vista Panthers batting - Pitching for Niagara Falls Frenzy : RHP Ed Jones
Now at 1B: Bryce Hester
Batting: LHB Patrick Osborne 0-0: Ball
1-0: Ball
2-0: Foul Ball, location: 2F
2-1: Foul Ball, location: 2F
2-2: Foul Ball, location: 2F
2-2: DOUBLE (Line Drive, 7LS)
Batting: LHB Pablo Rivas 0-0: 2-RUN HOME RUN (Flyball, 89XD), Distance : 415 ft
Batting: LHB Jesús González 0-0: Called Strike
0-1: DOUBLE (Flyball, 8RXD)
Batting: RHB Wilson López 0-0: Ball
1-0: Called Strike
1-1: Ball
2-1: Ball
3-1: Foul Ball, location: 2F
3-2: Strikes out looking
Batting: RHB Javier Deleón 0-0: Called Strike
0-1: Foul Ball, location: 2F
0-2: Ball
1-2: Ball
2-2: 2-RUN HOME RUN (Line Drive, 7D), Distance : 401 ft
Pitching: RHP Esteban Juárez
Batting: RHB Salvador Salas 0-0: Called Strike
0-1: Ground out 6-3 (Groundball, 6M)
Batting: LHB Harry Pitts 0-0: Ball
1-0: Fly out, F7 (Flyball, 78S)
Top of the 9th over - 4 run(s), 4 hit(s), 0 error(s), 0 left on base; Vista 5 - Niagara Falls 7
This league is powered by Out of the Park Baseball, the baseball management simulation game for PC, Mac and Linux
Saturday, April 9th, 2016 - OOTP Baseball 16.8 Build 38